 Dungeon Crawl Stone Soup version 0.30.1-9-gdf580d7c3d (webtiles) character file.

Game seed: 14466089343393278315

81 Peloso the Covered (level 4, -1/40 HPs)
             Began as a Minotaur Fighter on Sept 29, 2023.
             Succumbed to Sigmund's poison
             ... on level 3 of the Dungeon.
             The game lasted 00:03:15 (1496 turns).

Peloso the Covered (Minotaur Fighter)               Turns: 1496, Time: 00:03:16

Health: -1/40      AC: 12    Str: 19 (21) XL:     4   Next: 20%
Magic:  3/3        EV:  7    Int:  3 (5)  God:
Gold:   65         SH:  4    Dex: 11      Spells: 3/3 levels left

rFire   . . .        a - +0 long sword
rCold   . . .        d - +0 buckler
rNeg    . . .        c - +0 chain mail
rPois   .            (helmet restricted)
rElec   .            l - +2 cloak
rCorr   .            (no gloves)
SInv    .            (no boots)
Will    .....        (no amulet) Stlth
                     (no ring)
HPRegen 0.26/turn    (no ring)
MPRegen 0.08/turn

%: no passive effects
@: lethally poisoned (-1 -> -16)
A: horns 2, retaliatory headbutt
a: no special abilities


You were on level 3 of the Dungeon.
You visited 1 branch of the dungeon, and saw 3 of its levels.

You collected 65 gold pieces.

Inventory:

Hand Weapons
 a - a +0 long sword (weapon)
Armour
 b - a +0 scale mail
 c - a +0 chain mail (worn)
 d - a +0 buckler (worn)
 l - a +2 cloak (worn)
Jewellery
 k - a ring of fire
Scrolls
 e - a scroll of blinking
 g - 2 scrolls of fog
 h - 2 scrolls of teleportation
Potions
 i - a potion of might
 j - 2 potions of brilliance
 m - a potion of mutation


   Skills:
 + Level 4.3 Fighting
 + Level 3.7 Long Blades
 + Level 4.4 Armour
 + Level 0.4 Dodging
 + Level 4.0 Shields


You had 3 spell levels left.
You didn't know any spells.
Your spell library was empty.

Dungeon Overview and Level Annotations

Branches:
Dungeon (3/15)

Altars:

Annotations:
D:3 Sigmund


Innate Abilities, Weirdness & Mutations

You have a pair of horns on your head.
You reflexively headbutt those who attack you in melee.


Message History

You slash Sigmund!
Sigmund is heavily wounded.
Sigmund gestures at you while chanting. You resist with some effort.
Sigmund mumbles some strange words.
Sigmund flickers and vanishes!
Deactivating autopickup; reactivate with Ctrl-A.
You closely miss something.
You hear some strange, mumbled words.
A magic dart appears from out of thin air!
The magic dart hits you.
Unknown command.
You closely miss something.
You hear some strange, mumbled words.
A magic dart appears from out of thin air!
The magic dart hits you but does no damage.
Unknown command.
You hit something. Something hits you.
You are poisoned.
Unknown command.
You closely miss something.
You feel very sick.
You hear some strange, mumbled words.
A magic dart appears from out of thin air!
The magic dart hits you but does no damage.
You miss something.
You feel very sick. Something hits you!
* * * LOW HITPOINT WARNING * * *
You are lethally poisoned!
You miss something. Your headbutt misses something.
* * * LOW HITPOINT WARNING * * *
You feel very sick.
You hear some strange, mumbled words.
A magic dart appears from out of thin air!
The magic dart hits you.
* * * LOW HITPOINT WARNING * * *
Okay, then.
You hit something but do no damage.
You die...

# # .#. #.# #.#
#.# ##.##
#.#######...#####
#....[....#.....#
........#...###@#
#######)#...##.{.#
#.....>.).....
#...........###
#..<.....#.##
#..#...###.#
#..#...# #.#
#..#.### #.#
#.....


There were no monsters in sight!

Vanquished Creatures
  A gnoll (D:1)
  An adder (D:2)
  A worm (D:2)
  A dart slug (D:1)
  A bat (D:2)
  5 endoplasms
  3 giant cockroaches
  4 goblins
  4 hobgoblins
  14 jackals
  3 quokkas
  2 ball pythons (D:1)
  3 frilled lizards
  5 kobolds
  3 rats
51 creatures vanquished.

Notes
Turn   | Place    | Note
-------+----------+-------------------------------------------
     0 | D:1      | Peloso the Minotaur Fighter began the quest for the Orb.
     0 | D:1      | Reached XP level 1. HP: 19/19 MP: 0/0
   132 | D:1      | Reached XP level 2. HP: 21/27 MP: 1/1
   556 | D:1      | Reached XP level 3. HP: 24/33 MP: 2/2
  1208 | D:2      | Reached XP level 4. HP: 40/40 MP: 3/3
  1487 | D:3      | Noticed Sigmund
  1496 | D:3      | Succumbed to Sigmund's poison

Illustrated notes

Levels and vault maps discovered:
D:1:      doesnt_arrival_eight_statues, layout_basic
D:2:      layout_basic, kennysheep_generic_room_10
D:3:      layout_loops_ring, old_standard_altar, uniq_sigmund

Skill      XL: |  1  2  3  4 |
---------------+-------------+-----
Armour         | 4 |  4.4
Fighting       | 4 |  4.3
Long Blades    | 3 |  3.7
Shields        | 4 |  4.0
Dodging        | |  0.4

Action                     |  1- 3 |  4- 6 || total
---------------------------+-------+-------++-------
  Melee: Long sword        |    92 |    33 ||   125
         Headbutt          |     9 |     3 ||    12
    Use: Potion            |     3 |       ||     3
         Scroll            |       |     5 ||     5
 Armour: Scale mail        |    23 |       ||    23
         Chain mail        |    31 |    29 ||    60
  Dodge: Dodged            |    41 |    14 ||    55
  Block: Buckler           |    23 |     7 ||    30
